[Event "Titled Tuesday Blitz February 07 Early 2023"]
[White "Melikhov, Evgeny V."]
[Black "Csonka, Balazs"]
[WhiteFideId "4122046"]
[BlackFideId "742910"]
[WhiteElo "2269"]
[BlackElo "2496"]
[Result "0-1"]
[Round "02"]
[TimeControl "180+2"]
[Date "2023.02.07"]
[WhiteClock "0:00:01"]
[BlackClock "0:00:04"]

1. d4 Nf6 2. c4 g6 3. Nc3 d5 4. Nf3 Bg7 5. e3 O-O 6. Be2 c5 7. O-O cxd4 8. exd4 Nc6 9. Re1 dxc4 10. Bxc4 a6 11. d5 Na5 12. Bf1 b5 13. Bg5 Bb7 14. b3 b4 15. Na4 Nxd5 16. Rc1 Rc8 17. Nc5 Qb6 18. Nxb7 Qxb7 19. Qd3 h6 20. Bd2 Nc3 21. Qxa6 Qxa6 22. Bxa6 Ra8 23. Bf1 Nxa2 24. Rc7 e6 25. Rb1 Nc3 26. Re1 Nxb3 27. Be3 Nd5 28. Rb7 Rab8 29. Rxb8 Rxb8 30. Bc4 Na5 31. Bd3 b3 32. Bd4 b2 33. Bxg7 Kxg7 34. Nd4 Nc3 35. Bb1 Rd8 36. Nc2 Nc4 0-1


[Site "https://www.chess.com"]

[Event "Titled Tuesday Blitz February 07 Early 2023"]
[White "Taspinar, Yanki"]
[Black "Mouhamad, Joachim"]
[WhiteFideId "34561188"]
[BlackFideId "656410"]
[WhiteElo "2262"]
[BlackElo "2238"]
[Result "1-0"]
[Round "02"]
[TimeControl "180+2"]
[Date "2023.02.07"]
[WhiteClock "0:00:06"]
[BlackClock "0:00:05"]

1. Nf3 c5 2. g3 Nc6 3. Bg2 e5 4. O-O e4 5. Ne1 d5 6. d3 Nf6 7. Bg5 exd3 8. Nxd3 c4 9. Nf4 Be6 10. Nc3 d4 11. Ncd5 Bc5 12. c3 h6 13. Bxf6 gxf6 14. cxd4 Bxd4 15. e3 Bxb2 16. Rb1 c3 17. Qh5 Bxd5 18. Nxd5 Qd6 19. Qf5 Qe5 20. Nxf6+ Ke7 21. Nd5+ Kf8 22. Qc2 Rd8 23. Rbd1 h5 24. h4 a5 25. a3 Kg7 26. Qb3 Rd7 27. Nf4 Rhd8 28. Rxd7 Rxd7 29. Bf3 Kf8 30. Bxh5 Nd8 31. Bg4 Rc7 32. Qc2 a4 33. Bf3 Qb5 34. h5 Qb3 35. Be4 Qxc2 36. Bxc2 Ne6 37. Nxe6+ fxe6 38. Rd1 b5 39. h6 Ke7 40. h7 Rc8 41. Rd4 Rh8 42. Kg2 Bxa3 43. Rg4 Bd6 44. Rg8 Be5 45. f4 Bf6 46. g4 Kf7 47. Bg6+ Ke7 48. g5 Bg7 49. Rxg7+ Kd6 50. Rg8 Rxh7 51. Bxh7 b4 52. Ra8 b3 53. Rxa4 c2 54. Bxc2 bxc2 55. Rc4 Kd5 56. Rxc2 Ke4 57. Kf2 Kf5 58. Rc5+ Ke4 59. Re5+ Kd3 60. g6 1-0


[Site "https://www.chess.com"]

[Event "Titled Tuesday Blitz February 07 Early 2023"]
[White "Papasimakopoulos, Alexandros"]
[Black "Rottenwohrer Suarez, Juan"]
[WhiteFideId "4244125"]
[BlackFideId "32068182"]
[WhiteElo "2401"]
[BlackElo "2265"]
[Result "1-0"]
[Round "02"]
[TimeControl "180+2"]
[Date "2023.02.07"]
[WhiteClock "0:00:29"]
[BlackClock "0:00:01"]

1. d4 d5 2. c4 c6 3. cxd5 cxd5 4. Bf4 Nc6 5. e3 Bf5 6. Nc3 Nf6 7. Qb3 Qb6 8. Qxb6 axb6 9. a3 e6 10. Rc1 Nh5 11. Bc7 Be7 12. Bxb6 O-O 13. Nf3 Na5 14. Bxa5 Rxa5 15. Ne5 Nf6 16. Bd3 Bxd3 17. Nxd3 Nd7 18. Ke2 Nb6 19. Rc2 Nc4 20. Ne5 Nxe5 21. dxe5 Rc8 22. Rhc1 g5 23. g4 Rc4 24. h3 h5 25. Kf3 Rac5 26. Rd2 Rc6 27. Rd4 b5 28. Rxc4 bxc4 29. Ne2 Rb6 30. Rc2 Bd8 31. e4 Bc7 32. exd5 exd5 33. Nc3 Bxe5 34. Nxd5 Rxb2 35. Rxb2 Bxb2 36. a4 Bd4 37. a5 hxg4+ 38. hxg4 c3 39. Ke2 Bxf2 40. Nxc3 Ba7 41. Nb5 Bc5 42. Kd3 Kg7 43. Ke4 Kf6 44. a6 Ke6 45. a7 Bxa7 46. Nxa7 Kd6 47. Kf5 Kd5 48. Nb5 1-0


[Site "https://www.chess.com"]

[Event "Titled Tuesday Blitz February 07 Early 2023"]
[White "Kostiukov, Alexandr"]
[Black "Dehtiarov, Roman"]
[WhiteFideId "14108100"]
[BlackFideId "14186640"]
[WhiteElo "2271"]
[BlackElo "2289"]
[Result "0-1"]
[Round "02"]
[TimeControl "180+2"]
[Date "2023.02.07"]
[WhiteClock "0:00:05"]
[BlackClock "0:01:16"]

1. g3 d5 2. Bg2 Nf6 3. d3 e6 4. e4 c6 5. e5 Nfd7 6. Qe2 c5 7. Nf3 Nc6 8. O-O Be7 9. c4 d4 10. Re1 Qc7 11. Bf4 b6 12. h4 Bb7 13. Na3 a6 14. Nc2 h6 15. h5 O-O-O 16. b4 cxb4 17. Ncxd4 Nxd4 18. Nxd4 Nc5 19. Bxb7+ Qxb7 20. Be3 Rd7 21. Nb3 Nxd3 22. Red1 Rhd8 23. Bd4 Nc5 24. Bxc5 Bxc5 25. Rxd7 Qxd7 26. Qe4 Qb7 27. Qf4 a5 28. Nxc5 bxc5 29. Qe3 Rd4 30. Rc1 a4 31. Qe2 Qe4 32. Qf1 Kc7 33. Re1 Qf3 34. Qh3 b3 35. axb3 axb3 36. Qf1 b2 37. Rb1 Rd2 38. Qg2 Rd1+ 39. Rxd1 Qxd1+ 40. Kh2 b1=Q 41. Qa8 Qg1+ 42. Kh3 Qh1+ 0-1


[Site "https://www.chess.com"]

[Event "Titled Tuesday Blitz February 07 Early 2023"]
[White "Nazari, Arad"]
[Black "Jovic, Stanoje"]
[WhiteFideId "12577324"]
[BlackFideId "905020"]
[WhiteElo "2367"]
[BlackElo "2075"]
[Result "0-1"]
[Round "02"]
[TimeControl "180+2"]
[Date "2023.02.07"]
[WhiteClock "0:00:50"]
[BlackClock "0:00:22"]

1. e4 c6 2. Nf3 d5 3. Nc3 dxe4 4. Nxe4 Nf6 5. Qe2 Nxe4 6. Qxe4 Nd7 7. Bc4 Nf6 8. Ne5 e6 9. Qe2 Bd6 10. d4 O-O 11. Bg5 Be7 12. O-O-O a5 13. h4 a4 14. a3 Nd5 15. Bxd5 cxd5 16. Bxe7 Qxe7 17. h5 Bd7 18. Rh3 f6 19. Ng6 Qd6 20. Nxf8 Rxf8 21. Rg3 b5 22. Qd2 Rc8 23. Qh6 Qxg3 24. Qd2 Qxg2 25. h6 Qg5 26. f4 Qxh6 27. Kb1 Qg6 28. Rc1 Qf5 29. Ka2 Be8 30. c3 h5 31. Rg1 Bg6 32. Qe2 Rc4 33. Qf2 Kf7 34. Qg3 Qc2 35. Ka1 b4 36. f5 Qxf5 37. axb4 a3 38. b3 h4 39. Qe3 Qc2 0-1


[Site "https://www.chess.com"]

[Event "Titled Tuesday Blitz February 07 Early 2023"]
[White "Kaganskiy, Gleb"]
[Black "Sammed Jaykumar, Shete"]
[WhiteFideId "4132025"]
[BlackFideId "5073421"]
[WhiteElo "2205"]
[BlackElo "2440"]
[Result "0-1"]
[Round "02"]
[TimeControl "180+2"]
[Date "2023.02.07"]
[WhiteClock "0:00:07"]
[BlackClock "0:00:16"]

1. e4 e5 2. Nf3 Nc6 3. Nc3 Nf6 4. d4 exd4 5. Nxd4 Bb4 6. Nxc6 bxc6 7. Bd3 d5 8. Bd2 O-O 9. O-O Re8 10. Nxd5 Nxd5 11. exd5 Bxd2 12. Qxd2 cxd5 13. Bb5 Re5 14. f4 Re7 15. f5 c6 16. f6 Re6 17. Qg5 g6 18. Bd3 Rb8 19. b3 Rb6 20. Rf4 c5 21. Raf1 Bb7 22. h4 Qe8 23. h5 Re5 24. Rf5 Rxf5 25. Rxf5 Re6 26. hxg6 hxg6 27. Rf4 Re1+ 28. Kh2 Qe5 29. Bxg6 Qxg5 0-1


[Site "https://www.chess.com"]

[Event "Titled Tuesday Blitz February 07 Early 2023"]
[White "Dong, Bao Nghia"]
[Black "Hoffmann, Asa"]
[WhiteFideId "12400343"]
[BlackFideId "2001470"]
[WhiteElo "2332"]
[BlackElo "2185"]
[Result "1-0"]
[Round "02"]
[TimeControl "180+2"]
[Date "2023.02.07"]
[WhiteClock "0:01:21"]
[BlackClock "0:00:15"]

1. d4 Nf6 2. Nf3 d6 3. g3 c6 4. Bg2 Bf5 5. O-O h6 6. Nbd2 Nbd7 7. b3 e5 8. Bb2 e4 9. Nh4 Bh7 10. Bh3 g5 11. Bxd7+ Qxd7 12. Ng2 Qh3 13. Ne3 d5 14. c4 Bd6 15. cxd5 cxd5 16. f3 Bxg3 17. hxg3 Qxg3+ 18. Ng2 Nh5 19. Qe1 Qh3 20. fxe4 dxe4 21. Qf2 O-O 22. Ne3 Nf4 23. Ndc4 Qh5 24. Qh2 Nxe2+ 25. Kg2 Nf4+ 26. Rxf4 Qxh2+ 27. Kxh2 gxf4 28. Rg1+ Kh8 29. d5+ f6 30. Ng4 Bf5 31. Nxf6 Rf7 32. Nxe4+ Kh7 33. Nf6+ Rxf6 34. Bxf6 1-0


[Site "https://www.chess.com"]

[Event "Titled Tuesday Blitz February 07 Early 2023"]
[White "Pacan-Milej, Kosma"]
[Black "Sarkar, Justin"]
[WhiteFideId "21800537"]
[BlackFideId "2010011"]
[WhiteElo "2402"]
[BlackElo "2309"]
[Result "1-0"]
[Round "02"]
[TimeControl "180+2"]
[Date "2023.02.07"]
[WhiteClock "0:02:04"]
[BlackClock "0:00:01"]

1. d4 Nf6 2. c4 e6 3. Nc3 Bb4 4. e3 d5 5. a3 Bxc3+ 6. bxc3 c5 7. cxd5 exd5 8. Bd3 Nc6 9. f3 h5 10. Ne2 h4 11. O-O Qa5 12. e4 b6 13. e5 Ng8 14. f4 Ba6 15. f5 Bxd3 16. Qxd3 c4 17. Qf3 O-O-O 18. Bg5 f6 19. Bf4 Nge7 20. Qg4 Rdg8 21. Rfe1 Qa6 22. Kf2 1-0


[Site "https://www.chess.com"]

[Event "Titled Tuesday Blitz February 07 Early 2023"]
[White "Parkhov, Yair"]
[Black "Begunov, Konstantin"]
[WhiteFideId "2813408"]
[BlackFideId "4118510"]
[WhiteElo "2505"]
[BlackElo "2325"]
[Result "1/2-1/2"]
[Round "02"]
[TimeControl "180+2"]
[Date "2023.02.07"]
[WhiteClock "0:00:38"]
[BlackClock "0:00:20"]

1. e4 c5 2. Nf3 d6 3. Bb5+ Bd7 4. Bxd7+ Qxd7 5. c4 Nf6 6. Nc3 Nc6 7. O-O Nd4 8. d3 Nxf3+ 9. Qxf3 g6 10. Be3 Qg4 11. Qxg4 Nxg4 12. Nd5 Nxe3 13. fxe3 Rc8 14. Rf2 Bg7 15. Raf1 Rf8 16. a3 e6 17. Nf6+ Bxf6 18. Rxf6 Ke7 19. b4 h5 20. g3 a6 21. R6f2 f5 22. bxc5 dxc5 23. exf5 gxf5 24. Rb2 Rc7 25. Rfb1 Rb8 26. Kf2 Kd7 27. a4 Kc8 28. Rb6 Re7 29. Rd6 Kc7 30. Rbb6 Rbe8 31. a5 Rd8 32. Rxd8 Kxd8 33. d4 cxd4 34. exd4 Kc7 35. Ke3 e5 36. d5 Rg7 37. c5 h4 38. c6 bxc6 39. dxc6 Rg4 40. gxh4 Rxh4 41. Rxa6 Rxh2 42. Kd3 Rh3+ 43. Kc4 f4 44. Kd5 Rd3+ 45. Kxe5 f3 46. Ke4 f2 47. Ra7+ Kxc6 48. Rf7 Ra3 49. Rf6+ Kb7 50. Rf7+ Ka6 51. Rxf2 Rxa5 52. Rf6+ Kb5 53. Rf5+ Kb4 54. Rd5 Rxd5 55. Kxd5 1/2-1/2


[Site "https://www.chess.com"]

[Event "Titled Tuesday Blitz February 07 Early 2023"]
[White "EREBUNI91"]
[Black "Buscar, Michael"]
[BlackFideId "2603616"]
[WhiteElo "2666"]
[BlackElo "2041"]
[Result "1-0"]
[Round "02"]
[TimeControl "180+2"]
[Date "2023.02.07"]
[WhiteClock "0:00:35"]
[BlackClock "0:00:42"]

1. e4 c5 2. Nc3 g6 3. d4 cxd4 4. Qxd4 Nf6 5. Be3 Nc6 6. Qd2 Bg7 7. f3 d6 8. O-O-O O-O 9. Bc4 Be6 10. Bxe6 fxe6 11. Nge2 Na5 12. Bh6 Nc4 13. Qg5 Qa5 14. Kb1 Qb4 15. b3 Rac8 16. Bxg7 Kxg7 17. h4 Rc5 18. Qc1 Rfc8 19. Rd3 Na3+ 20. Kb2 Nc4+ 21. Ka1 Ne5 22. Re3 Rxc3 23. Nxc3 Rxc3 24. Qe1 Rc4 25. bxc4 Qxc4 26. Qc3 Qa4 27. Rb1 b6 28. g4 Kf7 29. g5 Nfd7 30. f4 Nc4 31. Rb4 1-0


[Site "https://www.chess.com"]

[Event "Titled Tuesday Blitz February 07 Early 2023"]
[White "Krzywda, Andrzej"]
[Black "Jain Kashish Manoj"]
[WhiteFideId "1114565"]
[BlackFideId "35081098"]
[WhiteElo "2223"]
[BlackElo "2375"]
[Result "0-1"]
[Round "02"]
[TimeControl "180+2"]
[Date "2023.02.07"]
[WhiteClock "0:00:04"]
[BlackClock "0:00:22"]

1. d4 Nf6 2. c4 Nc6 3. Nf3 e6 4. g3 g6 5. Bg2 Bg7 6. d5 exd5 7. cxd5 Nb4 8. Nc3 O-O 9. a3 Na6 10. O-O Re8 11. Re1 Nc5 12. Nd4 Nfe4 13. Nxe4 Nxe4 14. f3 Nd6 15. e4 f5 16. Bf4 fxe4 17. Bxd6 cxd6 18. fxe4 Qb6 19. e5 Rxe5 20. Kh1 Qxd4 21. Qf3 b6 22. Rad1 Qxb2 23. Bh3 Bb7 24. Bxd7 Bxd5 25. Be6+ Bxe6 26. Qxa8+ Bf8 27. Rf1 Rf5 28. Qe4 Qe5 29. Qxe5 Rxf1+ 30. Rxf1 dxe5 31. h4 Bxa3 32. Ra1 Bc5 33. Rxa7 e4 34. Kg2 e3 35. Kf3 Bd5+ 36. Ke2 Bc4+ 37. Ke1 e2 38. Ra4 b5 39. Rxc4 bxc4 40. Kxe2 c3 41. Kd3 Bd4 42. Kc2 h5 43. Kd3 Kg7 44. Kc2 Kf6 45. Kd3 Kf5 46. Kc2 Kg4 0-1


[Site "https://www.chess.com"]

[Event "Titled Tuesday Blitz February 07 Early 2023"]
[White "Mrudul Dehankar"]
[Black "Gascon Del Nogal, Jose Rafael"]
[WhiteFideId "25096990"]
[BlackFideId "3902463"]
[WhiteElo "2030"]
[BlackElo "2459"]
[Result "0-1"]
[Round "02"]
[TimeControl "180+2"]
[Date "2023.02.07"]
[WhiteClock "0:00:02"]
[BlackClock "0:00:04"]

1. e4 c5 2. Nf3 d6 3. d4 cxd4 4. Nxd4 Nf6 5. Nc3 Nc6 6. Bg5 e6 7. Qd2 a6 8. O-O-O Bd7 9. f4 Be7 10. Nf3 b5 11. e5 b4 12. exf6 bxc3 13. Qxc3 gxf6 14. Kb1 Rg8 15. Bh4 Rb8 16. Bd3 Rg4 17. g3 d5 18. Bxh7 Rxh4 19. gxh4 Bb4 20. Qe3 Qa5 21. Rd3 Bc5 22. Qe2 Nb4 23. Ra3 Qb6 24. Rb3 Ba4 25. h5 Bxb3 26. cxb3 Qd6 27. Rc1 a5 28. h6 Ke7 29. Bd3 Bb6 30. h7 Qxf4 31. a3 Nxd3 32. Qxd3 Qe4 33. Qxe4 dxe4 34. Nd2 Be3 35. Rg1 Rh8 36. Nxe4 Rxh7 37. Ng3 Rxh2 38. Re1 Bd4 39. Ne4 Rxb2+ 40. Kc1 Ra2 41. Kb1 Ra1+ 0-1


[Site "https://www.chess.com"]

[Event "Titled Tuesday Blitz February 07 Early 2023"]
[White "Semenenko, Dmytry"]
[Black "Martinez Ramirez, Lennis"]
[WhiteFideId "14118645"]
[BlackFideId "3509079"]
[WhiteElo "2113"]
[BlackElo "2426"]
[Result "0-1"]
[Round "02"]
[TimeControl "180+2"]
[Date "2023.02.07"]
[WhiteClock "0:02:50"]
[BlackClock "0:02:49"]

1. Nf3 d5 2. c4 Nc6 3. cxd5 Qxd5 4. Nc3 Qh5 5. d4 Bg4 6. e3 O-O-O 7. Be2 e5 8. d5 e4 9. dxc6 Rxd1+ 10. Nxd1 exf3 11. cxb7+ Kxb7 12. gxf3 Bxf3 0-1


[Site "https://www.chess.com"]

[Event "Titled Tuesday Blitz February 07 Early 2023"]
[White "Kuderinov, Kirill"]
[Black "Foerster-Yialamas, Lucas"]
[WhiteFideId "13701568"]
[BlackFideId "30901774"]
[WhiteElo "2404"]
[BlackElo "2151"]
[Result "1/2-1/2"]
[Round "02"]
[TimeControl "180+2"]
[Date "2023.02.07"]
[WhiteClock "0:00:05"]
[BlackClock "0:00:04"]

1. c4 f5 2. Nc3 g6 3. d4 Nf6 4. Nf3 b6 5. g3 Bb7 6. Bg2 Bg7 7. O-O O-O 8. d5 Re8 9. Bf4 h6 10. h4 Ng4 11. Qd2 e5 12. dxe6 dxe6 13. Qxd8 Rxd8 14. Bxc7 Rc8 15. Bd6 Rxc4 16. Rfd1 Nc6 17. Nd2 Rd4 18. Nb5 Ra4 19. Nc7 Rd8 20. Nb3 Bxb2 21. Nxe6 Rxd6 22. Rxd6 Bxa1 23. Nxa1 Rxa2 24. Nb3 Na5 25. Nxa5 Bxg2 26. Kxg2 Rxa5 27. Nf4 g5 28. hxg5 hxg5 29. Rg6+ Kf7 30. Rxg5 Rc5 31. e4 Nh6 32. Rh5 Kg7 33. Ne6+ Kg6 34. Nf4+ Kg7 35. Rg5+ Kf7 36. Nd3 Ra5 37. e5 Ng4 38. Rxf5+ Kg6 39. Rf8 Nxe5 40. Nf4+ Kg7 41. Ne6+ Kg6 42. f4 Nd7 43. Rd8 Kf6 44. Nd4 Nc5 45. Rd6+ Kf7 46. Rh6 Ra4 47. Nc6 b5 48. Ne5+ Ke8 49. f5 Re4 50. Nc6 b4 51. Kf3 b3 52. Nxa7 Rb4 53. Nc6 b2 54. Rh8+ Kd7 55. Nxb4 b1=Q 56. Rh7+ Kd6 57. Rh6+ Ke5 58. Nc6+ Kxf5 59. Rh5+ Kg6 60. Rxc5 Qh1+ 61. Kf4 Qf1+ 62. Ke5 Qe2+ 63. Kd6 Qd3+ 64. Rd5 Qxg3+ 65. Ne5+ Kg7 66. Ke6 Qh3+ 67. Ke7 Qh4+ 68. Kd6 Qf6+ 69. Kc5 Qe7+ 70. Kc4 Qc7+ 71. Kd3 Kf6 72. Nc4 Ke6 73. Rb5 Qg3+ 74. Kc2 Qf2+ 75. Kb3 Qf3+ 76. Kb4 Qf8+ 77. Kb3 Qf3+ 78. Kb4 Qd1 79. Re5+ Kf6 80. Rb5 Qb1+ 81. Kc5 Qf5+ 82. Kb4 Qc8 83. Rb6+ Ke7 84. Rb5 Qh3 85. Re5+ Kd7 86. Rd5+ Kc6 87. Rc5+ Kb7 88. Kb5 Qf1 89. Kb4 Qb1+ 90. Kc3 Qc1+ 91. Kd4 Qf4+ 92. Kc3 Qg3+ 93. Kb4 Qe1+ 94. Ka4 Qd1+ 95. Kb4 Qb1+ 96. Ka3 Qd3+ 97. Kb4 Ka7 98. Rc7+ Kb8 99. Rc6 Qb1+ 100. Kc5 Qf5+ 101. Kb6 Qf2+ 102. Ka6 Qa2+ 103. Na5 Qe2+ 104. Kb6 Qe3+ 105. Rc5 Qe6+ 106. Nc6+ Kc8 107. Re5 Qb3+ 108. Kc5 Qc3+ 109. Kd6 Qa3+ 110. Ke6 Qh3+ 111. Kd6 Qh6+ 112. Re6 Qd2+ 113. Kc5 Qc3+ 114. Kd5 Qd3+ 1/2-1/2


[Site "https://www.chess.com"]

[Event "Titled Tuesday Blitz February 07 Early 2023"]
[White "Demin, Vladimir"]
[Black "Silvestre, Christian"]
[WhiteFideId "4167457"]
[BlackFideId "30956269"]
[WhiteElo "2430"]
[BlackElo "1942"]
[Result "0-1"]
[Round "02"]
[TimeControl "180+2"]
[Date "2023.02.07"]
[WhiteClock "0:00:06"]
[BlackClock "0:00:19"]

1. e4 e5 2. Nc3 Nc6 3. Bc4 Be7 4. d3 d6 5. a3 Nf6 6. f4 Bg4 7. Nf3 Nd4 8. Be3 Bxf3 9. gxf3 Nh5 10. Bxd4 exd4 11. Ne2 Bh4+ 12. Kf1 Qf6 13. Qd2 O-O-O 14. Rg1 g5 15. f5 Qe5 16. Kg2 d5 17. Qa5 Nf4+ 18. Nxf4 Qxf4 19. Bxd5 g4 20. Raf1 gxf3+ 21. Kh1 f2 22. Rg7 Qf3+ 23. Rg2 Rhg8 24. Bxb7+ Kxb7 25. Qb5+ Kc8 26. Qa6+ Kd7 27. Qb5+ Ke7 28. f6+ Bxf6 29. Qc5+ Ke8 30. Qb5+ Kf8 0-1


[Site "https://www.chess.com"]

[Event "Titled Tuesday Blitz February 07 Early 2023"]
[White "Zia, Tahsin Tajwar"]
[Black "Flores Quillas, Diego Saul Rodri"]
[WhiteFideId "10211888"]
[BlackFideId "3822508"]
[WhiteElo "2315"]
[BlackElo "2359"]
[Result "0-1"]
[Round "02"]
[TimeControl "180+2"]
[Date "2023.02.07"]
[WhiteClock "0:00:03"]
[BlackClock "0:00:06"]

1. d4 Nf6 2. c4 c5 3. d5 e6 4. Nc3 exd5 5. cxd5 d6 6. g3 g6 7. Bg2 Bg7 8. Nf3 O-O 9. O-O a6 10. a4 Re8 11. Bf4 Ne4 12. Nxe4 Rxe4 13. Nd2 Rb4 14. Ra2 Qe7 15. b3 Nd7 16. Nc4 Ne5 17. Bd2 Nxc4 18. Bxb4 Ne3 19. fxe3 Qxe3+ 20. Kh1 cxb4 21. Rc2 Bc3 22. Rf3 Qe5 23. Rf4 Bd7 24. e4 b5 25. a5 Qe7 26. Qf1 f6 27. Re2 Re8 28. h4 Qd8 29. Bh3 Bxh3 30. Qxh3 Qxa5 31. Qd7 Qd8 32. Qb7 Qc8 33. Qa7 Be5 34. Rf3 Qa8 35. Qf2 a5 36. h5 a4 37. h6 Kf7 38. Re1 a3 39. Rf1 Qd8 40. g4 g5 41. Rf5 Kg6 42. Qf3 a2 43. Qh3 Kf7 44. Qh5+ Kg8 45. Qh3 a1=Q 46. Rxa1 Bxa1 47. Qf3 Be5 48. Kg2 Qc8 49. Kh3 Qc3 50. Kg2 Qxf3+ 51. Rxf3 Rc8 0-1


[Site "https://www.chess.com"]

[Event "Titled Tuesday Blitz February 07 Early 2023"]
[White "Kalajzic, Ivan"]
[Black "Diaz Villagran, Robert"]
[WhiteFideId "14506378"]
[BlackFideId "3404056"]
[WhiteElo "2062"]
[BlackElo "2315"]
[Result "1/2-1/2"]
[Round "02"]
[TimeControl "180+2"]
[Date "2023.02.07"]
[WhiteClock "0:00:04"]
[BlackClock "0:00:20"]

1. d4 Nf6 2. Nc3 d5 3. Bg5 Be6 4. f3 c6 5. e4 Qb6 6. Rb1 Nbd7 7. e5 Ng8 8. Bd3 Qxd4 9. f4 Qe3+ 10. Nge2 Nc5 11. Qd2 Nxd3+ 12. cxd3 Qxd2+ 13. Kxd2 f6 14. Bh4 Nh6 15. Nd4 Kf7 16. Rbe1 Bc8 17. h3 e6 18. exf6 gxf6 19. g4 Bd6 20. Rhf1 Re8 21. g5 fxg5 22. fxg5+ Nf5 23. Nd1 Bd7 24. a3 Kg6 25. Nf3 e5 26. Bf2 e4 27. dxe4 dxe4 28. Nh4+ Nxh4 29. Bxh4 Re6 30. Ne3 Bc5 31. Ng4 Bd4 32. Kc2 e3 33. Nf6 Rd8 34. Bg3 c5 35. Bc7 Rc8 36. Bf4 Bb5 37. Rg1 Kf5 38. Bh2 e2 39. Ng4 Bxg1 40. Bxg1 Kxg5 41. Be3+ Kh4 42. Bd2 Kxh3 43. Rg1 e1=Q 44. Bxe1 c4 45. Rg3+ Kh4 46. Re3+ Kxg4 47. Rxe6 Ba4+ 48. Kc3 Bb3 49. Bd2 Rd8 50. Re4+ Kf3 51. Re3+ Kf2 52. Rh3 Rd7 53. Be3+ Kg2 54. Rh6 b6 55. Bd4 Kf3 56. Rf6+ Ke4 57. Re6+ Kd5 58. Re5+ Kc6 59. Kb4 Rf7 60. Re4 Kb7 61. a4 a5+ 62. Kb5 Rf5+ 63. Re5 Rxe5+ 64. Bxe5 h5 65. Bd4 h4 66. Bxb6 Bxa4+ 67. Kxa5 Bc6 68. Bg1 Bd5 69. Kb4 Kc6 70. b3 Bf7 71. bxc4 Kd6 72. c5+ Kc6 73. Kc3 h3 74. Kd2 Be6 75. Ke2 Kd5 76. Kf2 Ke4 77. Kg3 Kd3 78. Kh2 Ke2 79. c6 Kf1 80. c7 Bc8 81. Bb6 Ke2 82. Bc5 Kf3 83. Bd6 Ke4 84. Bg3 Kd5 85. Bf4 Ke4 86. Bg3 Kf3 87. Bd6 Ke4 88. Bg3 1/2-1/2


[Site "https://www.chess.com"]

[Event "Titled Tuesday Blitz February 07 Early 2023"]
[White "Fernandez Siles, Luis"]
[Black "Martynov, Pavel"]
[WhiteFideId "2209420"]
[BlackFideId "4101260"]
[WhiteElo "2218"]
[BlackElo "2414"]
[Result "0-1"]
[Round "02"]
[TimeControl "180+2"]
[Date "2023.02.07"]
[WhiteClock "0:01:01"]
[BlackClock "0:00:47"]

1. d4 d5 2. c4 e6 3. Nc3 c5 4. e3 Nf6 5. Nf3 Nc6 6. a3 a6 7. Bd3 Bd6 8. O-O O-O 9. Qe2 dxc4 10. Bxc4 b5 11. Ba2 Bb7 12. Rd1 c4 13. e4 Bb8 14. Bg5 h6 15. Bh4 g5 16. Nxg5 hxg5 17. Bxg5 Nxd4 18. Qe3 e5 19. Qg3 Nxe4 20. Rxd4 exd4 21. Nxe4 Bxg3 22. Bxd8 Bxe4 23. hxg3 Rfxd8 0-1


[Site "https://www.chess.com"]

[Event "Titled Tuesday Blitz February 07 Early 2023"]
[White "Alice, Mateus Felizardo Viageiro"]
[Black "Atanasov, Anthony"]
[WhiteFideId "14800047"]
[BlackFideId "2623897"]
[WhiteElo "2202"]
[BlackElo "2368"]
[Result "0-1"]
[Round "02"]
[TimeControl "180+2"]
[Date "2023.02.07"]
[WhiteClock "0:00:01"]
[BlackClock "0:00:04"]

1. e4 e5 2. Nf3 Nf6 3. Nc3 Nc6 4. Bc4 Nxe4 5. Nxe4 d5 6. Bb5 dxe4 7. Nxe5 Qg5 8. d4 Qxg2 9. Rf1 a6 10. Bxc6+ bxc6 11. Bf4 Bh3 12. Qe2 Qxf1+ 13. Qxf1 Bxf1 14. Kxf1 Bd6 15. Bg3 Rb8 16. b3 Bxe5 17. Bxe5 f6 18. Bxc7 Rb7 19. Bf4 Kf7 20. Ke2 Rd7 21. Rd1 g5 22. Bc1 Ke6 23. Bb2 Kf5 24. c4 Rhd8 25. Ke3 h5 26. h4 gxh4 27. Rg1 a5 28. Bc3 h3 29. Rg3 h4 30. Rxh3 Kg4 31. Rh1 h3 32. Rg1+ Kh4 33. d5 h2 34. Rh1 Kh3 35. Bxf6 cxd5 36. Be5 d4+ 37. Kxe4 Kg2 38. Rxh2+ Kf1 39. f4 d3 40. Rh1+ Ke2 41. Rh2+ Ke1 42. Rh1+ Ke2 43. Rh2+ Kf1 44. Rh1+ Kf2 45. Rh2+ Ke1 46. Rh1+ Kd2 47. Rh2+ Kc1 48. Rh1+ Kc2 49. c5 d2 50. c6 d1=Q 51. Rxd1 Rxd1 52. c7 Rc8 53. Kf5 Rd7 0-1


[Site "https://www.chess.com"]

[Event "Titled Tuesday Blitz February 07 Early 2023"]
[White "Bodnaruk, Anastasia"]
[Black "Babikov, Ivan"]
[WhiteFideId "4181751"]
[BlackFideId "4161106"]
[WhiteElo "2350"]
[BlackElo "2239"]
[Result "0-1"]
[Round "02"]
[TimeControl "180+2"]
[Date "2023.02.07"]
[WhiteClock "0:01:23"]
[BlackClock "0:01:13"]

1. e4 c5 2. Nc3 d6 3. Nge2 Nc6 4. d4 cxd4 5. Nxd4 Nxd4 6. Qxd4 Nf6 7. Bg5 h6 8. Bxf6 gxf6 9. O-O-O Be6 10. f4 Qb6 11. Bb5+ Bd7 12. Bxd7+ Kxd7 13. Qd3 Bg7 14. Nd5 Qa5 15. Kb1 Rac8 16. Rhf1 Qa6 17. Qh3+ e6 18. Rf3 Qe2 19. Ne3 Rxc2 20. Ka1 Qxd1+ 21. Nxd1 Rc1# 0-1


[Site "https://www.chess.com"]

[Event "Titled Tuesday Blitz February 07 Early 2023"]
[White "Kirillov, Dmitry"]
[Black "Ambartsumova, Karina"]
[WhiteFideId "34180572"]
[BlackFideId "4166299"]
[WhiteElo "2179"]
[BlackElo "2393"]
[Result "0-1"]
[Round "02"]
[TimeControl "180+2"]
[Date "2023.02.07"]
[WhiteClock "0:00:07"]
[BlackClock "0:00:07"]

1. e4 e5 2. Nf3 Nc6 3. Bc4 Bc5 4. b4 Be7 5. b5 Na5 6. Be2 Nf6 7. d3 d5 8. Nbd2 O-O 9. O-O b6 10. Nxe5 dxe4 11. Bb2 Bb7 12. Ndc4 Nxc4 13. dxc4 Bd6 14. Qd4 Re8 15. Ng4 Re6 16. Rad1 Qf8 17. Ne3 Rd8 18. Qc3 Be5 19. Qb3 h6 20. h3 Rxd1 21. Rxd1 Bxb2 22. Qxb2 Rd6 23. Qe5 Rxd1+ 24. Bxd1 Qc5 25. Qg3 Bc8 26. Be2 Be6 27. Qf4 Qd6 28. Qh4 Qe5 29. Qg3 Qxg3 30. fxg3 Kf8 31. Kf2 Ke7 32. g4 Kd6 33. Kg3 Kc5 34. c3 g5 35. h4 Nd7 36. hxg5 hxg5 37. Nd5 Bxd5 38. cxd5 Kxd5 39. Kf2 Ne5 40. Ke3 f6 41. g3 Nd7 42. c4+ Ke5 43. Bd1 Nc5 44. Bc2 f5 45. gxf5 Kxf5 46. a3 Ke5 47. g4 Nd7 48. Bxe4 Nf6 49. Bf5 Ne8 50. Kd3 Nd6 51. a4 Nxf5 52. gxf5 Kxf5 53. Kd4 g4 54. Ke3 Ke5 55. c5 bxc5 0-1


[Site "https://www.chess.com"]

[Event "Titled Tuesday Blitz February 07 Early 2023"]
[White "Chor, Kevin"]
[Black "Xie, Bryan"]
[WhiteFideId "2090740"]
[BlackFideId "30941296"]
[WhiteElo "1944"]
[BlackElo "2361"]
[Result "1-0"]
[Round "02"]
[TimeControl "180+2"]
[Date "2023.02.07"]
[WhiteClock "0:00:45"]
[BlackClock "0:00:09"]

1. e4 c5 2. Nf3 e6 3. d4 cxd4 4. Nxd4 Nc6 5. Nc3 Qc7 6. Nxc6 bxc6 7. Bd3 Nf6 8. O-O Be7 9. Qe2 d5 10. Bg5 O-O 11. e5 Ne8 12. Qh5 g6 13. Qh6 Bxg5 14. Qxg5 Ng7 15. Rae1 c5 16. h4 c4 17. Be2 Bb7 18. h5 d4 19. Nb5 Qc5 20. Nd6 Bd5 21. h6 Ne8 22. Bg4 Nxd6 23. exd6 f6 24. Bxe6+ 1-0


[Site "https://www.chess.com"]